 Dungeon Crawl Stone Soup version 0.30-a0-824-g6c64550be9 (webtiles) character file.

Game seed: 6079500953268203725

69 Pimp the Insei (level 4, -4/29 HPs)
             Began as an Octopode Transmuter on Feb 27, 2023.
             Slain by Ijyb
             ... wielding a +0 dagger
              (6 damage)
             ... on level 3 of the Dungeon.
             The game lasted 00:02:32 (1761 turns).

Pimp the Insei (Octopode Transmuter)                Turns: 1761, Time: 00:02:33

Health: -4/29      AC:  1    Str:  9    XL:     4   Next: 20%
Magic:  7/7        EV: 13    Int: 15    God:
Gold:   188        SH:  0    Dex: 14    Spells: 3/7 levels left

rFire   . . .      SeeInvis .      - Unarmed
rCold   . . .      Faith    .    (no shield)
rNeg    . . .      Spirit   .    (helmet restricted)
rPois   .          Reflect  .    (no amulet)
rElec   .          Harm     .    (no ring)
rCorr   .          Rampage  .    (no ring)
Will    .....                    (no ring)
Stlth   +++                      (no ring)
HPRegen 0.24/turn                (no ring)
MPRegen 0.10/turn                (no ring)
                                 (no ring)
                                 (no ring)

@: no status effects
A: almost no armour, amphibious, 8 rings, camouflage 1, gelatinous body 1,
(nimble swimmer 1), tentacles
a: no special abilities


You were on level 3 of the Dungeon.
You visited 1 branch of the dungeon, and saw 3 of its levels.

You collected 188 gold pieces.

Inventory:

Scrolls
 b - a scroll of poison {unknown}
 c - 3 scrolls of identify {unknown}
 d - a scroll of enchant armour {unknown}
 e - a scroll of blinking {unknown}
 f - 2 scrolls of teleportation {unknown}
Potions
 a - a potion of lignification
 g - a potion of invisibility {unknown}


   Skills:
 + Level 1.7 Fighting
 + Level 2.5 Dodging
 + Level 1.1 Stealth
 + Level 3.3 Unarmed Combat
 + Level 2.4 Spellcasting
 + Level 2.5 Transmutations
 + Level 0.6 Poison Magic


You had 3 spell levels left.
You knew the following spells:

 Your Spells              Type           Power      Damage    Failure   Level
a - Beastly Appendage     Tmut           18%        N/A       8%          1
b - Spider Form           Tmut/Pois      6%         N/A       32%         3

Your spell library contained the following spells:

 Spells                   Type           Power      Damage    Failure   Level
 Wereblood                Tmut           9%         N/A       11%         2
 Ice Form                 Ice/Tmut       5%         N/A       77%         4
 Petrify                  Tmut/Erth      5%         N/A       77%         4
 Metabolic Englaciation   Hex/Ice        0%         N/A       99%         5
 Statue Form              Tmut/Erth      3%         N/A       100%        6


Dungeon Overview and Level Annotations

Branches:
Dungeon (3/15)

Altars:

Annotations:
D:3 Ijyb


Innate Abilities, Weirdness & Mutations

You cannot wear most types of armour.
You are amphibious.
You can wear up to eight rings at the same time.
Your skin changes colour to match your surroundings (Stealth+).
Your rubbery body absorbs attacks. (AC +1, EV +1)
((You are camouflaged when in or above water. (Stealth+)))
You have tentacles for arms and can constrict up to eight enemies at once.


Message History

The jackal misses you.
You tentacle-slap the jackal.
You kill the jackal!
Ijyb zaps a wand.
Your will is overpowered!
You are confused.
You're too confused to move!
The jackal bites you.
Ijyb screams, "It's all mine!"
The jackal barely misses you. The jackal closely misses you.
The jackal barely misses you.
You miss the jackal. The jackal closely misses you.
You tentacle-slap the jackal but do no damage.
Your squeeze misses the jackal. The jackal misses you. The jackal bites you.
You're too confused to move!
The jackal bites you.
You're too confused to move!
The jackal bites you. Ijyb hits you with a +0 dagger.
You feel less confused. Ijyb hits you with a +0 dagger.
The jackal bites you but does no damage.
You tentacle-slap Ijyb but do no damage.
You grab Ijyb. You constrict Ijyb. The jackal bites you.
Ijyb hits you with a +0 dagger.
* * * LOW HITPOINT WARNING * * *
You tentacle-slap Ijyb but do no damage.
Ijyb is lightly wounded.
You constrict Ijyb, but do no damage. The jackal bites you.
* * * LOW HITPOINT WARNING * * *
Ijyb zaps a wand.
You resist with some effort.
You tentacle-slap Ijyb but do no damage.
Ijyb is lightly wounded.
You constrict Ijyb. The jackal bites you.
* * * LOW HITPOINT WARNING * * *
Ijyb screams, "You nasty!
Big nasty!"
Ijyb hits you with a +0 dagger.
* * * LOW HITPOINT WARNING * * *
The jackal completely misses you.
You tentacle-slap Ijyb but do no damage.
Ijyb is lightly wounded.
You constrict Ijyb, but do no damage. The jackal closely misses you.
Ijyb hits you with a +0 dagger.
You die...

#..............
##..#.#.#.#.#.#.#.#
#................
##..#.#.#.#.#.#.#
#.#
#.#..........[......
#.#.#.#.#.#.#.#.#.#
#..#.............
##...#.#.#g#.#.#.#.#
####.....@h......#
#.#.#.#.#.#.#.#
##...........
#########.... #####


You could see Ijyb and a jackal.

Vanquished Creatures
  2 adders (D:2)
  A worm (D:2)
  A dart slug (D:1)
  7 endoplasms
  2 giant cockroaches
  4 goblins
  4 hobgoblins
  A jackal (D:3)
  2 quokkas
  3 ball pythons
  6 frilled lizards
  7 kobolds
  4 rats
44 creatures vanquished.

Notes
Turn   | Place    | Note
-------+----------+-------------------------------------------
     0 | D:1      | Pimp the Octopode Transmuter began the quest for the Orb.
     0 | D:1      | Reached XP level 1. HP: 13/13 MP: 3/3
   162 | D:1      | Reached XP level 2. HP: 15/18 MP: 5/5
   505 | D:1      | Reached XP level 3. HP: 19/23 MP: 6/6
   617 | D:1      | Learned a level 3 spell: Spider Form
  1080 | D:2      | Reached skill level 1 in Stealth
  1123 | D:2      | Reached XP level 4. HP: 26/29 MP: 7/7
  1326 | D:2      | Found a faded altar of an unknown god.
  1745 | D:3      | Noticed Ijyb
  1761 | D:3      | Slain by Ijyb

Illustrated notes

Levels and vault maps discovered:
D:1:      dpeg_arrival_connections, layout_rooms, chequers_serial_rivers_marsh,
          item_on_display_a
D:2:      layout_basic, ebering_ecumenical_altar_webs
D:3:      minmay_door_path, layout_rooms, nicolae_gozag_seed_capital,
          serial_forest, infiniplex_forest_straight_3,
          infiniplex_forest_clump_C, infiniplex_forest_straight_4,
          infiniplex_forest_end_double, infiniplex_forest_straight_3, hex_large,
          uniq_natasha, uniq_ijyb

Skill      XL: |  1  2  3 |
---------------+----------+-----
Stealth        | 1 |  1.1
Fighting       | |  1.7
Dodging        | |  2.5
Unarmed Combat | |  3.3
Spellcasting   | |  2.4
Transmutations | |  2.5
Poison Magic   | |  0.6

Action                     |  1- 3 |  4- 6 || total
---------------------------+-------+-------++-------
  Melee: Unarmed           |    76 |    28 ||   104
         Constrict         |    16 |     9 ||    25
         Tentacles         |    10 |     6 ||    16
         Punch             |     4 |       ||     4
   Stab: Sleeping          |     5 |     2 ||     7
 Armour: Skin              |     4 |     1 ||     5
  Dodge: Dodged            |    43 |    18 ||    61

Table legend: (Time is in decaauts)
 A = Elapsed time spent in this place.
 B = Non-inter-level travel time spent in this place.
 C = Inter-level travel time spent in this place.
 D = Time resting spent in this place.
 E = Time spent auto-exploring this place.
 F = Levels seen in this place.
 G = Mean time per level.
                   A        B        C        D        E       F      G
               +--------+--------+--------+--------+--------+-----+--------+
         Total |   1753 |   1703 |     50 |     13 |   1340 |   3 |  584.3 |
       Dungeon |   1753 |   1703 |     50 |     13 |   1340 |   3 |  584.3 |
               +--------+--------+--------+--------+--------+-----+--------+

Top non-repeatable levels by time:
     D:2: 997 daAuts
     D:1: 628 daAuts
     D:3: 128 daAuts
